 Dungeon Crawl Stone Soup version 0.29.0-11-gd7f09526c8 (webtiles) character file.

Game seed: 2763567041904757713

17 Anothat the Prestidigitator (level 2, -2/20 HPs)
             Began as a Gnoll Wanderer on Sept 3, 2022.
             Slain by a gnoll
             ... wielding a +0 club
              (5 damage)
             ... on level 2 of the Dungeon.
             The game lasted 00:01:19 (1115 turns).

Anothat the Prestidigitator (Gnoll Wanderer)        Turns: 1115, Time: 00:01:20

Health: -2/20      AC:  2    Str:  8    XL:     2   Next: 62%
Magic:  7/7        EV: 11    Int: 12    God:
Gold:   37         SH:  0    Dex: 13    Spells: 9/10 levels left

rFire   . . .      SeeInvis .   a - +0 dagger
rCold   . . .      Faith    .   (no shield)
rNeg    . . .      Spirit   .   d - +0 robe
rPois   .          Reflect  .   (no helmet)
rElec   .          Harm     .   (no cloak)
rCorr   .          Rampage  .   (no gloves)
Will    .....                   (no boots)
Stlth   ++........              (no amulet)
HPRegen 0.06/turn               (no ring)
MPRegen 0.10/turn               (no ring)

@: no status effects
A: fangs 1, strong nose, distributed training
a: no special abilities


You were on level 2 of the Dungeon.
You visited 1 branch of the dungeon, and saw 2 of its levels.

You collected 37 gold pieces.

Inventory:

Hand Weapons
 a - a +0 dagger (weapon)
 k - a +0 sling of flaming
Armour
 d - a +0 robe (worn)
Jewellery
 f - an amulet of faith
 m - a ring of wizardry
Scrolls
 g - a scroll of enchant weapon {unknown}
 h - a scroll of identify {unknown}
 i - 2 scrolls of butterflies {unknown}
 l - a scroll of noise {unknown}
 n - a scroll of poison {unknown}
Potions
 b - a potion of lignification
 j - a potion of heal wounds {unknown}
Miscellaneous
 e - a tin of tremorstones (2/2)


   Skills:
 + Level 0.5 Fighting
 + Level 0.5 Short Blades
 + Level 0.5 Long Blades
 + Level 0.5 Axes
 + Level 0.5 Maces & Flails
 + Level 0.5 Polearms
 + Level 0.5 Staves
 + Level 0.5 Ranged Weapons
 + Level 0.5 Throwing
 + Level 0.5 Armour
 + Level 0.5 Dodging
 + Level 2.3 Stealth
 + Level 0.5 Shields
 + Level 0.5 Unarmed Combat
 + Level 4.9 Spellcasting
 + Level 0.3 Conjurations
 + Level 0.3 Hexes
 + Level 0.3 Summonings
 + Level 0.3 Necromancy
 + Level 0.3 Translocations
 + Level 0.3 Transmutations
 + Level 0.3 Fire Magic
 + Level 0.3 Ice Magic
 + Level 0.3 Air Magic
 + Level 3.7 Earth Magic
 + Level 0.3 Poison Magic
 + Level 0.6 Invocations
 + Level 10.4 Evocations


You had 9 spell levels left.
You knew the following spells:

 Your Spells              Type           Power      Damage    Failure   Level
a - Sandblast             Erth           22%        2d7       4%          1

Your spell library contained the following spells:

 Spells                   Type           Power      Damage    Failure   Level
 Stone Arrow              Conj/Erth      14%        3d7       26%         3


Dungeon Overview and Level Annotations

Branches:
Dungeon (2/15)

Altars:


Innate Abilities, Weirdness & Mutations

You have very sharp teeth.
Your uncanny sense of smell can sniff out nearby items.
Your experience applies equally to all skills.


Message History

The gnoll shouts! x3
The quokka barely misses you.
You hit the quokka.
The quokka is moderately wounded.
The quokka bites you.
You completely miss the quokka. Your bite misses the quokka.
The quokka is moderately wounded.
The quokka bites you but does no damage.
You closely miss the quokka.
The quokka is moderately wounded.
The quokka bites you.
An adder comes into view.
The quokka attacks as you move away! The quokka misses you.
The quokka bites you. The quokka attacks as you move away!
The quokka bites you but does no damage.
The quokka bites you.
* * * LOW HITPOINT WARNING * * *
The quokka attacks as you move away! The quokka barely misses you.
The quokka attacks as you move away! The quokka barely misses you.
The quokka attacks as you move away!
The quokka bites you but does no damage.
The quokka attacks as you move away! The quokka barely misses you.
The quokka closely misses you. The quokka attacks as you move away!
The quokka bites you.
* * * LOW HITPOINT WARNING * * *
You feel better. The quokka barely misses you.
The quokka attacks as you move away! The quokka misses you.
The quokka attacks as you move away! The quokka closely misses you.
The quokka attacks as you move away! The quokka closely misses you.
The quokka barely misses you. The quokka attacks as you move away!
The quokka closely misses you. The quokka attacks as you move away!
The quokka bites you. The quokka attacks as you move away!
The quokka bites you.
The quokka bites you but does no damage.
The gnoll attacks as you move away! The gnoll hits you with a +0 club!
* * * LOW HITPOINT WARNING * * *
The gnoll attacks as you move away! The gnoll barely misses you.
The gnoll attacks as you move away! The gnoll hits you with a +0 club.
You die...

######## #......# ###
#.####.# #.. #.# #.#
################.. #.#
##.###........#........
#.#
#.......P..P..#.#####..
#.# #..###@.####P.#.#
#.. #.# #..#
#g.#[.#....# ###
#.###..###g.#.)#....# #
#...)..##.r.##'#....#
### ###
#####.#............##
#.. #.##
#.....g##........## #.#
...##
#..#.#.######.'### #.#
....## #....#.# ##...##
#.# .....# #...##.#
##.....## #.#


You could see a gnoll, a quokka and a hobgoblin.

Vanquished Creatures
  A dart slug (D:1)
  3 goblins
  A hobgoblin (D:1)
  4 jackals (D:1)
  A quokka (D:1)
  A frilled lizard (D:2)
  2 rats (D:1)
13 creatures vanquished.

Notes
Turn   | Place    | Note
-------+----------+-------------------------------------------
     0 | D:1      | Reached skill level 10 in Evocations
     0 | D:1      | Anothat the Gnoll Wanderer began the quest for the Orb.
     0 | D:1      | Anothat set off with the following items: a +0 dagger, a
                  | potion of lignification, a potion of curing, a +0 robe, a
                  | tin of tremorstones (2/2); and the following spell
                  | memorised: Sandblast; and the following spells available to
                  | memorise: Stone Arrow.
     0 | D:1      | Reached XP level 1. HP: 13/13 MP: 6/6
    54 | D:1      | Found Bafach's Antique Armour Emporium.
   288 | D:1      | Reached XP level 2. HP: 16/19 MP: 7/7
  1115 | D:2      | Slain by a gnoll

Illustrated notes

Levels and vault maps discovered:
D:1:      saegor_arrival_simple_e, layout_loops_ring, serial_shops, shop,
          minmay_large_rounded_square
D:2:      layout_loops_corners, chequers_ecumenical_altar_grove, corexii_shack,
          minmay_puff

Skill      XL: | |
---------------+-+-----
Evocations     | | 10.4
Fighting       | |  0.5
Short Blades   | |  0.5
Long Blades    | |  0.5
Axes           | |  0.5
Maces & Flails | |  0.5
Polearms       | |  0.5
Staves         | |  0.5
Ranged Weapons | |  0.5
Throwing       | |  0.5
Armour         | |  0.5
Dodging        | |  0.5
Stealth        | |  2.3
Shields        | |  0.5
Unarmed Combat | |  0.5
Spellcasting   | |  4.9
Conjurations   | |  0.3
Hexes          | |  0.3
Summonings     | |  0.3
Necromancy     | |  0.3
Translocations | |  0.3
Transmutations | |  0.3
Fire Magic     | |  0.3
Ice Magic      | |  0.3
Air Magic      | |  0.3
Earth Magic    | |  3.7
Poison Magic   | |  0.3
Invocations    | |  0.6

Action                   || total
-------------------------++-------
Melee: Dagger            ||    38
       Bite              ||     4
  Use: Potion            ||     1
 Stab: Sleeping          ||     7
Armor: Robe              ||     8
Dodge: Dodged            ||    31
